 Dungeon Crawl Stone Soup version 0.31.0-32-g396128a36d (webtiles) character file.

Game seed: 6799776624365898756

84 SSird the Trooper (level 4, -1/29 HPs)
             Began as a Gargoyle Fighter on Apr 3, 2024.
             Slain by an ogre
             ... wielding a +0 giant club
              (17 damage)
             ... on level 4 of the Dungeon.
             The game lasted 00:06:03 (2218 turns).

SSird the Trooper (Gargoyle Fighter)                Turns: 2218, Time: 00:06:04

Health: -1/29      AC: 19    Str: 22    XL:     4   Next: 46%
Magic:  4/4        EV:  8    Int:  8    God:
Gold:   315        SH:  4    Dex:  9    Spells: 3/3 levels left

rFire   . . .        a - +0 flail
rCold   . . .        c - +0 buckler
rNeg    + + .        o - +0 chain mail "Rucvitig" {rN+ rCorr}
rPois   ∞            q - +0 helmet
rElec   +            (no cloak)
rCorr   +            (no gloves)
SInv    .            r - +0 pair of boots
Will    .....        (no amulet) Stlth
                     m - ring of resist corrosion
HPRegen 0.24/turn    b - +4 ring of protection
MPRegen 0.09/turn

%: no passive effects
@: mighty
A: sickness immunity, AC +3, negative energy resistance 1, electricity
resistance, torment resistance 1, petrification resistance
a: no special abilities


You were on level 4 of the Dungeon.
You visited 1 branch of the dungeon, and saw 4 of its levels.

You collected 315 gold pieces.

Inventory:

Hand Weapons
 a - a +0 flail (weapon)
Armour
 c - a +0 buckler (worn)
 k - a +1 ring mail of poison resistance
 o - the +0 chain mail "Rucvitig" (worn) {rN+ rCorr}
   (You found it on level 3 of the Dungeon)

   rN+:       It protects you from negative energy.
   rCorr:     It protects you from acid and corrosion.
 q - a +0 helmet (worn)
 r - a +0 pair of boots (worn)
Jewellery
 b - a +4 ring of protection (right hand)
 g - a ring of fire
 m - a ring of resist corrosion (left hand)
Scrolls
 e - a scroll of revelation {unknown}
 i - 2 scrolls of identify {unknown}
 l - a scroll of poison {unknown}
 n - a scroll of fear {unknown}
 p - 2 scrolls of teleportation {unknown}
Potions
 d - 2 potions of might
 f - 3 potions of curing {unknown}
 h - a potion of cancellation {unknown}
 j - a potion of degeneration {unknown}


   Skills:
 + Level 4.1 Fighting
 + Level 2.8 Maces & Flails
 + Level 4.0 Armour
 + Level 0.2 Dodging
 + Level 3.7 Shields


You had 3 spell levels left.
You didn't know any spells.
Your spell library contained the following spells:

 Spells                   Type           Power      Damage    Failure   Level
 Ensorcelled Hibernation  Hex/Ice        0%         N/A       99%         2
 Fugue of the Fallen      Necr           0%         N/A       100%        3
 Anguish                  Hex/Necr       0%         N/A       100%        4


Dungeon Overview and Level Annotations

Branches:
Dungeon (4/15)
 Temple: D:4-7

Altars:


Innate Abilities, Weirdness & Mutations

You are immune to sickness and miasma.
Your stone body is resilient. (AC +3)
You are immune to poison.
You resist negative energy. (rN+)
You are resistant to electric shocks. (rElec)
You are resistant to unholy torment.
You are immune to petrification.


Message History

You miss the kobold.
The kobold hits you but does no damage. x2
You closely miss the kobold. The kobold hits you but does no damage.
You barely miss the kobold. The kobold closely misses you.
You miss the kobold.
The kobold hits you but does no damage. x2
You barely miss the kobold. The kobold closely misses you.
You hit the kobold.
You kill the kobold!
Things that are here:
a +0 dagger; 2 stones You now have 309 gold pieces (gained 13).
You open the door.
There is an open door here.
There is an open door here.
You open the door.
Found 6 gold pieces.
There is an open door here.
An ogre comes into view. It is wielding a +0 giant club.
The ogre shouts!
An adder comes into view.
You see here 6 gold pieces.
You now have 315 gold pieces (gained 6).
The adder hisses angrily.
You hear the rusting of a drain very nearby.
There is an open door here.
You feel very mighty all of a sudden.
You barely miss the adder. You block the adder's attack.
The adder bites you but does no damage.
You hit the ogre.
The ogre is lightly wounded.
The adder closely misses you. You block the ogre's attack.
The adder bites you but does no damage.
You completely miss the ogre.
The ogre is lightly wounded.
The ogre hits you with a +0 giant club! You block the adder's attack.
The adder bites you but does no damage.
You sock the ogre!
The ogre is heavily wounded.
The ogre hits you with a +0 giant club!
Ouch! That really hurt!
You die...

... #......# ....
#......# .....#.....##
....)###'### . #......##
#### ...
#.......####..####....
+.........#........... .
#.........#.S.........
..#.........'@O.........
#.#...).....#....####...
#.######'####....# #
#.###............#
#................#
#...PP.####......# .....
#...P.P# #......#
....... ##.#####
#......##.......# #.#
..#......##.......#


You could see an ogre and an adder.

Vanquished Creatures
  2 adders (D:2)
  An orc (D:3)
  2 bats
  4 endoplasms
  3 giant cockroaches
  10 goblins
  16 hobgoblins
  3 quokkas
  4 ball pythons
  2 frilled lizards
  9 kobolds
56 creatures vanquished.

Notes
Turn   | Place    | Note
-------+----------+-------------------------------------------
     0 | D:1      | SSird the Gargoyle Fighter began the quest for the Orb.
     0 | D:1      | Reached XP level 1. HP: 14/14 MP: 1/1
   170 | D:1      | Reached XP level 2. HP: 19/19 MP: 2/2
   445 | D:1      | Reached XP level 3. HP: 24/24 MP: 3/3
  1050 | D:2      | Reached XP level 4. HP: 29/29 MP: 4/4
  1624 | D:3      | Identified the +0 chain mail "Rucvitig" {rN+ rCorr}
  2207 | D:4      | Noticed an ogre
  2218 | D:4      | Slain by an ogre

Illustrated notes

Levels and vault maps discovered:
D:1:      eino_arrival_water_star, layout_loops_ring, serial_bayou,
          serial_bayou_shore_a, serial_bayou_lagoon_b, serial_bayou_lake_a,
          serial_bayou_lagoon_a, minmay_tromino_v4_b
D:2:      cheibrodos_greedy_goblins, layout_basic
D:3:      layout_loops_ring
D:4:      layout_gridville, grunt_temple_overflow_growth_and_decay,
          mainiacjoe_overflow_catwalk, gup_sewer_entry_bubbles,
          sigmund_edmund_badplayer

Skill      XL: |  1  2  3 |
---------------+----------+-----
Fighting       | 4 |  4.1
Armour         | 4 |  4.0
Maces & Flails | |  2.8
Dodging        | |  0.2
Shields        | |  3.7

Action                     |  1- 3 |  4- 6 || total
---------------------------+-------+-------++-------
  Melee: Flail             |   126 |    83 ||   209
    Use: Potion            |       |     1 ||     1
 Armour: Scale mail        |   101 |    40 ||   141
         Chain mail        |       |    16 ||    16
         Ring mail         |       |     1 ||     1
  Dodge: Dodged            |    67 |    31 ||    98
  Block: Buckler           |    24 |    16 ||    40
